 Dungeon Crawl Stone Soup version 0.27.1-15-g792fb953b9 (webtiles) character file.

Game seed: 7038282714188171101

289 bellerephron the Skirmisher (level 6, -1/50 HPs)
             Began as a Demonspawn Fighter on Nov 21, 2021.
             Slain by an orc wizard (2 damage)
             ... on level 3 of the Dungeon.
             The game lasted 00:08:08 (3810 turns).

bellerephron the Skirmisher (Demonspawn Fighter)    Turns: 3810, Time: 00:08:08

Health: -1/50      AC:  8    Str: 19    XL:     6   Next: 9%
Magic:  6/6        EV:  7    Int:  9    God:
Gold:   96         SH:  9    Dex: 12    Spells: 5/5 levels left

rFire    . . .     SeeInvis .   a - +0 war axe
rCold    . . .     Faith    .   c - +0 kite shield
rNeg     . . .     Spirit   .   b - +0 scale mail
rPois    .         Reflect  .   (no helmet)
rElec    .         Harm     .   (no cloak)
rCorr    .         Rampage  .   (no gloves)
Will     .....                  (no boots)
Stlth    ..........             e - amulet of magic regeneration
HPRegen  0.16/turn              (no ring)
MPRegen  0.35/turn              (no ring)

@: no status effects
A: claws 2, rugged brown scales 2
a: no special abilities


You were on level 3 of the Dungeon.
You visited 1 branch of the dungeon, and saw 4 of its levels.

You collected 96 gold pieces.

Inventory:

Hand Weapons
 a - a +0 war axe (weapon)
 o - a +2 dagger of electrocution
Missiles
 f - 90 stones
 j - 14 poisoned darts (quivered)
 m - 8 curare-tipped darts
Armour
 b - a +0 scale mail (worn)
 c - a +0 kite shield (worn)
Jewellery
 e - an amulet of magic regeneration (around neck)
Scrolls
 g - a scroll of identify {unknown}
 h - a scroll of teleportation {unknown}
 i - a scroll of immolation {unknown}
 l - 2 scrolls of vulnerability {unknown}
 q - a scroll of acquirement {unknown}
 r - a scroll of noise {unknown}
Potions
 d - 2 potions of might
 n - a potion of brilliance {unknown}
 p - a potion of lignification {unknown}


   Skills:
 + Level 3.8 Fighting
 + Level 3.8 Axes
 + Level 0.4 Throwing
 + Level 3.6 Armour
 + Level 1.0 Dodging
 + Level 3.6 Shields


You had 5 spell levels left.
You didn't know any spells.
Your spell library was empty.

Dungeon Overview and Level Annotations

Branches:
Dungeon (4/15)
 Temple: D:4-7

Altars:
Dithmenos

Annotations:
D:2 1 runed translucent door, Crazy Yiuf


Innate Abilities, Weirdness & Mutations

You have very sharp fingernails.
You are mostly covered in rugged brown scales. (AC +2, +5% HP)


Message History

The orc wizard flickers and vanishes!
You miss something. You barely miss something.
You hear some strange, mumbled words.
A puff of flame appears from out of thin air!
You block the puff of flame. Something hits you but does no damage.
Unknown command.
You barely miss something. You closely miss something. Something hits you.
* * * LOW HITPOINT WARNING * * *
Something hits you but does no damage. x2; Something hits you.
* * * LOW HITPOINT WARNING * * *
Something hits you.
* * * LOW HITPOINT WARNING * * *
You barely miss something. You miss something.
You hear some strange, mumbled words.
Something tries to affect you, but you resist.
Something hits you.
* * * LOW HITPOINT WARNING * * *
You hear some strange, mumbled words.
A puff of flame appears from out of thin air!
The puff of flame hits you.
* * * LOW HITPOINT WARNING * * *
You hit something.
Reactivating autopickup.
You feel a bit more experienced.
You hit something. Something hits you but does no damage.
Deactivating autopickup; reactivate with Ctrl-A.
You hear some strange, mumbled words.
A magic dart appears from out of thin air!
The magic dart hits you.
* * * LOW HITPOINT WARNING * * *
Your Dodging skill increases to level 1!
You have reached level 6!
Your experience leads to an increase in your attributes!
Increase (S)trength, (I)ntelligence, or (D)exterity?
You feel stronger.
Your demonic ancestry asserts itself...
Rugged brown scales spread over more of your body.
You barely miss something. Something hits you.
* * * LOW HITPOINT WARNING * * *
You hit something. Something hits you but does no damage. Something hits you.
You die...

.### #..########.#......... ...##
##.##..........(...####
....#######..##...........##.#
#.#......................##..#
#.#####..######..........##.##
#...# #.## #.)........##.#
##''##### #.>........##.#
.......## ###)){.......##.#
........#####...@).......##.#
.........##...#############.#
..........##### ####.####
...........######### #.......#
.........^..#......#####.......#
⌠≈≈≈≈⌠......#..###.............##
≈≈≈≈≈≈......##.#########......)>.
≈≈≈≈≈≈......##..## #.........
≈≈≈≈≈≈......###..# #.........


There were no monsters in sight!

Vanquished Creatures
  An ogre (D:3)
  An iguana (D:4)
  An orc wizard (D:3)
  8 adders
  An adder skeleton (D:4)
  4 worms
  2 dart slugs (D:1)
  4 orcs
  3 bats
  6 endoplasms
  A giant cockroach (D:3)
  3 goblins
  5 hobgoblins
  A jackal (D:4)
  7 kobolds
  4 quokkas (D:1)
  7 ball pythons
  4 frilled lizards
  3 rats
  A spectral goblin (D:2)
67 creatures vanquished.

Vanquished Creatures (others)
  4 fungi (D:2)
4 creatures vanquished.

Grand Total: 71 creatures vanquished

Notes
Turn   | Place    | Note
-------+----------+-------------------------------------------
     0 | D:1      | bellerephron the Demonspawn Fighter began the quest for the
                  | Orb.
     0 | D:1      | Reached XP level 1. HP: 18/18 MP: 1/1
   274 | D:1      | Gained mutation: You have sharp fingernails. [demonic
                  | ancestry]
   274 | D:1      | Reached XP level 2. HP: 24/24 MP: 2/2
  1309 | D:2      | Found a shadowy altar of Dithmenos.
  1319 | D:2      | Reached XP level 3. HP: 28/29 MP: 3/3
  1874 | D:2      | Gained mutation: You have very sharp fingernails. [demonic
                  | ancestry]
  1874 | D:2      | Reached XP level 4. HP: 21/35 MP: 4/4
  2274 | D:2      | Found a faded altar of an unknown god.
  2361 | D:2      | Found a runed translucent door.
  2362 | D:2      | Noticed Crazy Yiuf
  2882 | D:3      | Gained mutation: You are partially covered in rugged brown
                  | scales. (AC +1, +3% HP) [demonic ancestry]
  2882 | D:3      | Reached XP level 5. HP: 20/42 MP: 5/5
  3230 | D:4      | Noticed an ogre
  3247 | D:3      | Killed an ogre
  3797 | D:3      | HP: 1/43 [orc wizard (5)]
  3809 | D:3      | Reached skill level 1 in Dodging
  3809 | D:3      | Gained mutation: You are mostly covered in rugged brown
                  | scales. (AC +2, +5% HP) [demonic ancestry]
  3809 | D:3      | Reached XP level 6. HP: 3/50 MP: 6/6
  3809 | D:3      | HP: 1/50 [something (3)]
  3810 | D:3      | Slain by an orc wizard

Illustrated notes

Levels and vault maps discovered:
D:1:      tarquinn_simple_flora_water_a, layout_loops_corners,
          minmay_misc_feat_cross, item_on_display_a
D:2:      layout_rooms, dreamdust_ecumenical_altar_drowned_temple, basic_altar,
          uniq_crazy_yiuf_cottage
D:3:      layout_rooms, st_stairs_1, kennysheep_big_empty_room
D:4:      layout_rooms

Skill      XL: |  1  2  3  4  5 |
---------------+----------------+-----
Axes           | 2 3 |  3.8
Shields        | 3 |  3.6
Armour         | 3 |  3.6
Dodging        | 1 |  1.0
Fighting       | |  3.8
Throwing       | |  0.4

Action                   |  1- 3 |  4- 6 || total
-------------------------+-------+-------++-------
Melee: War axe           |   105 |   110 ||   215
Throw: Dart              |       |     7 ||     7
  Use: Potion            |       |     1 ||     1
Armor: Scale mail        |    48 |    58 ||   106
Dodge: Dodged            |    24 |    53 ||    77
Block: Kite shield       |    66 |    68 ||   134
